 Dungeon Crawl Stone Soup version 0.24-a0-762-gca426f56c8 (webtiles) character file.

Game seed: 12570998409854074518, levelgen mode: deterministic

30 Peloso the Covered (level 3, 0/33 HPs)
             Began as a Minotaur Fighter on Oct 3, 2019.
             Succumbed to an adder's poison
             ... on level 2 of the Dungeon.
             The game lasted 00:02:32 (735 turns).

Peloso the Covered (Minotaur Fighter)                Turns: 735, Time: 00:02:32

Health: 0/33       AC:  7    Str: 20    XL:     3   Next: 5%
Magic:  2/2        EV: 12    Int:  5    God:
Gold:   65         SH: 10    Dex: 15    Spells: 2/2 levels left

rFire    . . .     SeeInvis .   a - +0 long sword
rCold    . . .     Gourm    .   c - +0 shield
rNeg     . . .     Faith    .   b - +0 scale mail
rPois    .         Spirit   .   (helmet restricted)
rElec    .         Reflect  .   (no cloak)
rCorr    .         Harm     .   (no gloves)
MR       .....                  (no boots)
Stlth    +.........             (no amulet)
HPRegen  0.11/turn              (no ring)
MPRegen  0.08/turn              (no ring)

@: agile, lethally poisoned (0 -> -7)
A: retaliatory headbutt, horns 2
a: no special abilities


You were on level 2 of the Dungeon.
You were not hungry.

You visited 1 branch of the dungeon, and saw 2 of its levels.

You collected 65 gold pieces.

Inventory:

Hand Weapons
 a - a +0 long sword (weapon)
Armour
 b - a +0 scale mail (worn)
 c - a +0 shield (worn)
Jewellery
 i - a +2 ring of strength {unknown}
 j - a +6 amulet of reflection {unknown}
 m - an uncursed ring of fire {unknown}
Scrolls
 e - a scroll of enchant weapon {unknown}
 h - a scroll of identify {unknown}
 k - a scroll of noise {unknown}
 l - 2 scrolls of teleportation {unknown}
Potions
 d - a potion of might
Comestibles
 f - 2 rations


   Skills:
 + Level 4.0 Fighting
 + Level 3.0 Long Blades
 + Level 4.1 Armour
 + Level 4.0 Shields


You had 2 spell levels left.
You didn't know any spells.
Your spell library was empty.

Dungeon Overview and Level Annotations

Branches:
Dungeon (2/15)

Altars:


Innate Abilities, Weirdness & Mutations

You reflexively headbutt those who attack you in melee.
You have a pair of horns on your head.


Message History

Unknown command.
You hit the kobold but do no damage.
* * * LOW HITPOINT WARNING * * *
You feel sick.
The kobold hits you but does no damage. x2
Unknown command.
You closely miss the kobold. You headbutt the kobold.
You kill the kobold!
Your Long Blades skill increases to level 3!
* * * LOW HITPOINT WARNING * * *
You feel sick.
* * * LOW HITPOINT WARNING * * *
You feel sick.
Unknown command.
It was a potion of agility.
You feel agile all of a sudden.
Okay, then.
* * * LOW HITPOINT WARNING * * *
You feel sick.
You see here a scroll labeled WEDUJY MIGOUTZ.
You die...

... ... #.#
#.# # #(# #.
#(# #.##.#
####
#!#...?##...#
#....@..<...#
####.###....#
#. #...## #.
#...# #.
...## #. ..##
#. .## #. ..


There were no monsters in sight!

Vanquished Creatures
  An adder (D:2)
  A leopard gecko (D:1)
  A bat (D:1)
  A giant cockroach (D:1)
  4 goblins (D:1)
  A frilled lizard (D:1)
  7 kobolds
  6 rats (D:1)
22 creatures vanquished.

Notes
Turn   | Place    | Note
-------+----------+-------------------------------------------
     0 | D:1      | Peloso the Minotaur Fighter began the quest for the Orb.
     0 | D:1      | Reached XP level 1. HP: 19/19 MP: 0/0
   145 | D:1      | Reached XP level 2. HP: 22/27 MP: 1/1
   729 | D:2      | Reached XP level 3. HP: 8/33 MP: 2/2
   734 | D:2      | HP: 1/33 [poisoned by an adder]
   735 | D:2      | Succumbed to an adder's poison

Levels and vault maps discovered:
D:1:      lemuel_arrival_room, layout_basic
D:2:      layout_loops_ring, lemuel_round_altar, overflow_temple_1_default,
          zin_academy, chequers_ecumenical_altar_island, tso_metal_star,
          uniq_robin, uniq_jessica

Skill      XL: |  1  2  3 |
---------------+----------+-----
Armour         | 4 |  4.1
Fighting       | 4 |  4.0
Shields        | 4 |  4.0
Long Blades    | 3 |  3.0

Action                   || total
-------------------------++-------
Melee: Long sword        ||    52
       Headbutt          ||     8
  Use: Potion            ||     1
Armor: Scale mail        ||    22
Dodge: Dodged            ||    23
Block: Shield            ||    30
       Rpst.: Long sword ||     9

Table legend:
 A = Non-vault XP
 B = Vault XP
 C = Vault XP percentage of total XP
 D = Non-vault monster count
 E = Vault monster count
 F = Vault count percentage of total count
                 A         B        C        D         E       F
            +---------+---------+-------+---------+---------+-------
      Total |      44 |       0 |   0.0 |      22 |       0 |   0.0
            +---------+---------+-------+---------+---------+-------
        D:1 |      31 |       0 |   0.0 |      20 |       0 |   0.0
        D:2 |      13 |       0 |   0.0 |       2 |       0 |   0.0
            +---------+---------+-------+---------+---------+-------
